 Dungeon Crawl Stone Soup version 0.29.1-1-gd02db6906a (console) character file.

Game seed: 6109758334621219878

14 om the Caller (level 2, 0/19 HPs)
             Began as a Merfolk Summoner on Oct 21, 2022.
             Slain by a quokka (2 damage)
             ... on level 1 of the Dungeon.
             The game lasted 00:01:35 (639 turns).

om the Caller (Merfolk Summoner)                     Turns: 639, Time: 00:01:36

Health: 0/19       AC:  2    Str:  8    XL:     2   Next: 45%
Magic:  3/5        EV: 13    Int: 14    God:
Gold:   39         SH:  0    Dex: 14    Spells: 4/5 levels left

rFire   . . .      SeeInvis .   c - +0 short sword
rCold   . . .      Faith    .   (no shield)
rNeg    . . .      Spirit   .   a - +0 robe
rPois   .          Reflect  .   (no helmet)
rElec   .          Harm     .   (no cloak)
rCorr   .          Rampage  .   (no gloves)
Will    .....                   (no boots)
Stlth   ++........              (no amulet)
HPRegen 0.06/turn               (no ring)
MPRegen 0.09/turn               (no ring)

@: no status effects
A: (nimble swimmer 2), mertail
a: no special abilities


You were on level 1 of the Dungeon.
You visited 1 branch of the dungeon, and saw 1 of its levels.

You collected 39 gold pieces.

Inventory:

Hand Weapons
 c - a +0 short sword (weapon)
Armour
 a - a +0 robe (worn)
Scrolls
 d - a scroll of identify {unknown}
 e - 3 scrolls of blinking {unknown}
 g - a scroll of enchant armour {unknown}
Potions
 b - a potion of magic
 f - a potion of mutation {unknown}


   Skills:
 + Level 3.1 Dodging
 + Level 2.5 Stealth
 - Level 2.0 Spellcasting
 * Level 4.3 Summonings


You had 4 spell levels left.
You knew the following spells:

 Your Spells              Type           Power      Damage    Failure   Level
a - Summon Small Mammal   Summ           52%        N/A       4%          1

Your spell library contained the following spells:

 Spells                   Type           Power      Damage    Failure   Level
 Call Imp                 Summ           13%        N/A       6%          2
 Call Canine Familiar     Summ           13%        N/A       12%         3
 Summon Guardian Golem    Hex/Summ       7%         N/A       28%         3
 Ensorcelled Hibernation  Hex/Ice        2%         N/A       34%         2
 Spider Form              Tmut/Pois      1%         N/A       56%         3
 Summon Lightning Spire   Summ/Air       7%         N/A       67%         4
 Anguish                  Hex/Necr       0%         N/A       93%         4


Dungeon Overview and Level Annotations

Branches:
Dungeon (1/15)

Altars:


Innate Abilities, Weirdness & Mutations

((You are very nimble when in or above water. (Stealth+, EV+, Speed+++)))
Your lower body shifts to a powerful aquatic tail in water.


Message History

You start resting.
Magic restored.
You start resting.
Your rat disappears in a puff of smoke!
HP restored.
You now have 39 gold pieces (gained 16).
g - a scroll labelled ZEILIT TI FOQ You open the door.
Found 5 stones.
There is an open door here.
A quokka comes into view.
A bat comes into view.
The quokka closely misses you.
You hit the quokka but do no damage. The quokka bites you.
You closely miss the quokka. The quokka closely misses you.
You hit the quokka but do no damage. The quokka bites you.
The quokka barely misses you.
You hit the quokka but do no damage. The quokka bites you.
You hit the quokka.
The quokka is heavily wounded.
The quokka closely misses you. The quokka bites you.
You are too injured to fight recklessly!
You hit the quokka.
The quokka is almost dead.
The quokka bites you.
* * * LOW HITPOINT WARNING * * *
You are too injured to fight recklessly!
Casting: Summon Small Mammal (safe; 4% risk of failure)
Press: ? - help, Q - select action Dir - look around, f - activate The quokka bites you.
* * * LOW HITPOINT WARNING * * *
Your rat bites the bat.
The bat misses your rat. x2; The quokka barely misses you.
The bat barely misses your rat.
Your rat bites the bat.
The bat dies!
Casting: Summon Small Mammal (safe; 4% risk of failure)
Press: ? - help, Q - select action Dir - look around, f - activate The quokka barely misses you.
The quokka bites you.
You die...

########### #.........#
#.........# #.........#
###..(..rr..######....#
#.'.....@...r.........#
######.#.........######....#
#...##.########### #....#
#...##.###.# #....#
#..........# #....#
#...##.###.# #....### #...##.#
#.############....... #..)##.#
#........†...........
####.##.################.......


You could see a quokka (ally target), a friendly quokka (summoned) and a
friendly rat (summoned).

Vanquished Creatures
  3 bats (D:1)
  An endoplasm (D:1)
  A goblin (D:1)
  A frilled lizard (D:1)
  A rat (D:1)
7 creatures vanquished.

Vanquished Creatures (collateral kills)
  An endoplasm (D:1)
  A hobgoblin (D:1)
  2 kobolds (D:1)
  A bat (D:1)
  A goblin (D:1)
6 creatures vanquished.

Grand Total: 13 creatures vanquished

Notes
Turn   | Place    | Note
-------+----------+-------------------------------------------
     0 | D:1      | om the Merfolk Summoner began the quest for the Orb.
     0 | D:1      | Reached XP level 1. HP: 13/13 MP: 3/3
   262 | D:1      | Reached XP level 2. HP: 19/19 MP: 1/5
   639 | D:1      | Slain by a quokka

Illustrated notes

Levels and vault maps discovered:
D:1:      grunt_arrival_crossed_arrows, layout_basic, minmay_misc_feat_ornament,
          minmay_pentomino_t4

Skill      XL: |  1  2 |
---------------+-------+-----
Dodging        | 3 |  3.1
Stealth        | |  2.5
Spellcasting   | |  2.0
Summonings     | |  4.3

Action                   || total
-------------------------++-------
Melee: Short sword       ||    27
       Unarmed           ||     5
 Cast: Summon Small Mamm ||    11
 Stab: Sleeping          ||     1
Armor: Robe              ||    12
Dodge: Dodged            ||    40
